 Dungeon Crawl Stone Soup version 0.30-a0-637-gacddeb6d44 (webtiles) character file.

Game seed: 3633122307492879448

114 Leeroy the Slasher (level 4, -4/26 HPs)
             Began as a Tengu Warper on Jan 15, 2023.
             Slain by an iguana (13 damage)
             ... on level 4 of the Dungeon.
             The game lasted 00:03:09 (2790 turns).

Leeroy the Slasher (Tengu Warper)                   Turns: 2790, Time: 00:03:09

Health: -4/26      AC:  3    Str: 11    XL:     4   Next: 98%
Magic:  8/8        EV: 12    Int: 13    God:
Gold:   246        SH:  0    Dex: 16    Spells: 7/7 levels left

rFire   . . .      SeeInvis .    a - +0 falchion
rCold   . . .      Faith    +    (no shield)
rNeg    . . .      Spirit   .    b - +0 leather armour
rPois   .          Reflect  .    (helmet restricted)
rElec   .          Harm     .    (no cloak)
rCorr   .          Rampage  .    (no gloves)
Will    .....                    (boots unavailable)
Stlth   +                        h - amulet of faith
HPRegen 0.24/turn                (no ring)
MPRegen 0.11/turn                (no ring)

@: no status effects
A: beak, talons 3
a: no special abilities


You were on level 4 of the Dungeon.
You visited 1 branch of the dungeon, and saw 4 of its levels.

You collected 246 gold pieces.

Inventory:

Hand Weapons
 a - a +0 falchion (weapon)
Missiles
 d - 7 boomerangs of dispersal (quivered)
Armour
 b - a +0 leather armour (worn)
 u - a +4 scale mail
Jewellery
 h - an amulet of faith (around neck)
 o - a ring of protection from cold
Scrolls
 c - a scroll of blinking
 e - 4 scrolls of immolation {unknown}
 f - 3 scrolls of identify {unknown}
 g - 2 scrolls of teleportation {unknown}
 j - a scroll of poison {unknown}
 m - a scroll of vulnerability {unknown}
 r - a scroll of summoning {unknown}
 s - a scroll of magic mapping {unknown}
 t - a scroll of fear {unknown}
Potions
 i - a potion of invisibility {unknown}
 k - 3 potions of mutation {unknown}
 l - 2 potions of flight {unknown}
 n - a potion of degeneration {unknown}
 p - a potion of brilliance {unknown}
 q - a potion of haste


   Skills:
 - Level 2.0 Fighting
 + Level 5.5 Long Blades
 - Level 1.0 Throwing
 - Level 1.1 Armour
 - Level 2.1 Dodging
 - Level 2.0 Spellcasting
 - Level 2.4 Translocations


You had 7 spell levels left.
You didn't know any spells.
Your spell library contained the following spells:

 Spells                   Type           Power      Damage    Failure   Level
 Blink                    Tloc           14%        N/A       19%         2
 Lesser Beckoning         Tloc           14%        N/A       36%         3
 Teleport Other           Tloc           7%         N/A       36%         3
 Vhi's Electric Charge    Tloc/Air       8%         N/A       52%         3
 Manifold Assault         Tloc           7%         N/A       77%         4


Dungeon Overview and Level Annotations

Branches:
Dungeon (4/15)
 Temple: D:4-7

Altars:


Innate Abilities, Weirdness & Mutations

You have a beak for a mouth.
You have claws for feet.


Message History

You claw the hobgoblin, but do no damage.
The hobgoblin is moderately wounded.
The hobgoblin barely misses you.
You hit the hobgoblin but do no damage. You claw the hobgoblin.
You kill the hobgoblin!
You slash the dart slug!
The dart slug is severely wounded.
You slash the dart slug!
You kill the dart slug!
No target in view!
No target in view!
No target in view!
No target in view!
t - a scroll labelled SOZIPP VETOH
Found a leather armour.
Found an escape hatch in the ceiling.
No target in view!
You now have 246 gold pieces (gained 11).
An iguana comes into view.
You see here a +4 scale mail.
The iguana hisses angrily.
You see here a +4 scale mail.
u - a +4 scale mail A black bear comes into view.
The iguana closely misses you.
You hit the iguana. You claw the iguana.
The iguana is heavily wounded.
The black bear growls angrily.
The iguana bites you!
You hit the iguana but do no damage.
The iguana is heavily wounded.
The iguana bites you!
You are too injured to fight recklessly!
You are too injured to fight recklessly!
A dart slug comes into view.
The dart slug launches a dart at you. The slug dart misses you.
The iguana attacks as you move away! The iguana bites you!
Ouch! That really hurt!
You die...

.. ... ..### #..
w...##. #.# #.......
#.### .<...... #..##
##..#.h..# #..####
###..#....##
#.....###...#......#
##..........@l..#
##..............##
#....#######..[##
#..### ##### #..#
#[.#####
#......########
#...###...†...##
#.### ###.###..##


You could see a black bear, an iguana and a dart slug.

Vanquished Creatures
  An iguana (D:4)
  2 adders (D:2)
  4 worms
  2 dart slugs
  An orc (D:3)
  4 bats
  5 endoplasms
  4 giant cockroaches
  6 goblins
  3 hobgoblins
  4 jackals (D:3)
  4 quokkas
  A ball python (D:3)
  4 frilled lizards
  5 kobolds
  2 rats (D:3)
52 creatures vanquished.

Notes
Turn   | Place    | Note
-------+----------+-------------------------------------------
     0 | D:1      | Leeroy the Tengu Warper began the quest for the Orb.
     0 | D:1      | Reached XP level 1. HP: 12/12 MP: 4/4
   477 | D:1      | Reached XP level 2. HP: 13/17 MP: 6/6
   627 | D:1      | Reached skill level 3 in Long Blades
  1110 | D:2      | Reached XP level 3. HP: 21/21 MP: 7/7
  1174 | D:2      | Reached skill level 4 in Long Blades
  1799 | D:2      | Reached XP level 4. HP: 19/26 MP: 8/8
  2516 | D:3      | Reached skill level 5 in Long Blades
  2786 | D:4      | Noticed a black bear
  2790 | D:4      | Slain by an iguana

Illustrated notes

Levels and vault maps discovered:
D:1:      minmay_arrival_open_corners, layout_basic
D:2:      layout_basic, kennysheep_generic_room_4
D:3:      layout_rooms
D:4:      layout_layer_cave, uniq_robin, uniq_grinder

Skill      XL: |  1  2  3  4 |
---------------+-------------+-----
Long Blades    | 3 4 5 |  5.5
Fighting       | |  2.0
Throwing       | |  1.0
Armour         | |  1.1
Dodging        | |  2.1
Spellcasting   | |  2.0
Translocations | |  2.4

Action                   |  1- 3 |  4- 6 || total
-------------------------+-------+-------++-------
Melee: Falchion          |    70 |    47 ||   117
       Kick              |    20 |    13 ||    33
       Peck              |     4 |     3 ||     7
       Punch             |     1 |       ||     1
  Use: Potion            |     3 |       ||     3
Armor: Leather armour    |    15 |     7 ||    22
Dodge: Dodged            |    41 |    37 ||    78

Table legend: (Time is in decaauts)
 A = Elapsed time spent in this place.
 B = Non-inter-level travel time spent in this place.
 C = Inter-level travel time spent in this place.
 D = Time resting spent in this place.
 E = Time spent auto-exploring this place.
 F = Levels seen in this place.
 G = Mean time per level.
                   A        B        C        D        E       F      G
               +--------+--------+--------+--------+--------+-----+--------+
         Total |   2788 |   2690 |     98 |     76 |   2253 |   4 |  697.0 |
       Dungeon |   2788 |   2690 |     98 |     76 |   2253 |   4 |  697.0 |
               +--------+--------+--------+--------+--------+-----+--------+

Top non-repeatable levels by time:
     D:2: 1206 daAuts
     D:1: 966 daAuts
     D:3: 470 daAuts
     D:4: 145 daAuts
